 Dungeon Crawl Stone Soup version 0.30-a0-1050-g2766ea1e55 (webtiles) character file.

Game seed: 4428776159247592129

187 MacCMillion the Shooter (level 5, 0/41 HPs)
             Began as a Demigod Hunter on Apr 11, 2023.
             Slain by a sleepcap (5 damage)
             ... on level 5 of the Dungeon.
             The game lasted 00:03:16 (2616 turns).

MacCMillion the Shooter (Demigod Hunter)            Turns: 2616, Time: 00:03:16

Health: 0/41       AC:  3    Str: 18    XL:     5   Next: 15%
Magic:  7/7        EV: 12    Int: 11    God:
Gold:   220        SH:  0    Dex: 27    Spells: 4/4 levels left

rFire   . . .      SeeInvis .    a - +0 shortbow
rCold   . . .      Faith    .    (shield currently unavailable)
rNeg    . . .      Spirit   .    c - +0 leather armour
rPois   .          Reflect  .    (no helmet)
rElec   .          Rampage  .    (no cloak)
rCorr   .                        (no gloves)
Will    .....                    (no boots)
Stlth   +++                      (no amulet)
HPRegen 0.26/turn                d - +6 ring of dexterity
MPRegen 0.10/turn                j - +6 ring of strength

@: no status effects
A: high MP 1, forlorn, divine attributes
a: no special abilities


You were on level 5 of the Dungeon.
You visited 1 branch of the dungeon, and saw 5 of its levels.

You collected 220 gold pieces.

Inventory:

Hand Weapons
 a - a +0 shortbow (weapon)
Missiles
 p - a throwing net
Armour
 c - a +0 leather armour (worn)
Jewellery
 d - a +6 ring of dexterity (left hand)
 j - a +6 ring of strength (right hand)
 l - a ring of positive energy
Wands
 u - a wand of iceblast (1)
Scrolls
 b - a scroll of immolation
 i - 2 scrolls of fog {unknown}
 k - a scroll of fear {unknown}
 m - 3 scrolls of identify {unknown}
 q - a scroll of poison {unknown}
 r - a scroll of teleportation {unknown}
 s - 2 scrolls of blinking {unknown}
 t - a scroll of amnesia {unknown}
Potions
 e - a potion of cancellation {unknown}
 f - a potion of invisibility {unknown}
 g - a potion of brilliance {unknown}
 h - a potion of heal wounds {unknown}
 n - a potion of mutation {unknown}
 o - a potion of ambrosia {unknown}
 v - a potion of haste {unknown}


   Skills:
 - Level 1.7 Fighting
 + Level 5.8 Ranged Weapons
 - Level 1.7 Dodging
 - Level 2.0 Stealth


You had 4 spell levels left.
You didn't know any spells.
Your spell library contained the following spells:

 Spells                   Type           Power      Damage    Failure   Level
 Cigotuvi's Dreadful Rot  Necr/Pois/Air  0%         N/A       54%         2
 Ignite Poison            Fire/Tmut/Pois 0%         N/A       77%         3
 Portal Projectile        Hex/Tloc       0%         N/A       77%         3
 Tukima's Dance           Hex            0%         N/A       77%         3
 Blade Hands              Tmut           0%         N/A       100%        5
 Freezing Cloud           Conj/Ice/Air   0%         6-21      100%        5


Dungeon Overview and Level Annotations

Branches:
Dungeon (5/15)
 Temple: D:4-7


Innate Abilities, Weirdness & Mutations

You have an increased reservoir of magic. (+10% MP)
You shall have no god before yourself.
Your divine heritage dramatically boosts your attributes as you level up.


Message History

A magic dart appears from out of thin air!
The magic dart hits you! Something hits you but does no damage.
You see here a dart slug corpse.
Something hits you.
Found 7 gold pieces.
There is a stone staircase leading down here.
You climb downwards.
You hear the sound of rushing water.
There is an entrance to a sewer on this level.
Hurry and find it before the portal rusts away!
Reactivating autopickup.
There is a stone staircase leading up here.
You shoot an arrow. The arrow hits the sleepcap.
The sleepcap is lightly damaged.
The sleepcap closely misses you.
You shoot an arrow. The arrow hits the sleepcap.
The sleepcap is moderately damaged.
The sleepcap closely misses you.
You shoot an arrow.
The arrow hits the sleepcap but does no damage.
The sleepcap is moderately damaged.
The sleepcap releases spores at you.
You are engulfed in a cloud of soporific spores!
You fall asleep.
The sleepcap releases spores at you!!
You wake up.
Ouch! That really hurt!
* * * LOW HITPOINT WARNING * * *
You are too injured to fight recklessly!
You are too injured to fight recklessly!
Fire: a) +0 shortbow
Press: ? - help, Q - select action, (/) - cycle Shift-Dir - straight line, f/p - sleepcap
Aim: a sleepcap (moderately damaged, 98% to hit)
You shoot an arrow.
The arrow hits the sleepcap but does no damage.
The sleepcap is moderately damaged.
The sleepcap releases spores at you.
* * * LOW HITPOINT WARNING * * *
You are engulfed in a cloud of soporific spores!
You are unaffected.
The sleepcap releases spores at you.
You die...

### ##
...#.
#.#.##
#....##
#.....##.#
#...@....#
#...f.####
##...##
##.## ..
###


You could see a sleepcap.

Vanquished Creatures
  A sleepcap (D:2)
  4 gnolls (D:2)
  6 adders
  A dart slug (D:4)
  2 worms (D:2)
  7 orcs
  4 endoplasms
  4 giant cockroaches
  4 goblins
  3 hobgoblins
  2 jackals (D:3)
  A quokka (D:2)
  3 ball pythons
  5 bats
  3 frilled lizards
  9 kobolds
  4 rats
63 creatures vanquished.

Notes
Turn   | Place    | Note
-------+----------+-------------------------------------------
     0 | D:1      | MacCMillion the Demigod Hunter began the quest for the Orb.
     0 | D:1      | Reached XP level 1. HP: 17/17 MP: 3/3
    26 | D:1      | Reached skill level 1 in Stealth
   428 | D:1      | Reached XP level 2. HP: 24/24 MP: 4/4
  1039 | D:2      | Reached skill level 4 in Ranged Weapons
  1087 | D:2      | Reached XP level 3. HP: 11/29 MP: 5/5
  1201 | D:2      | Reached skill level 5 in Ranged Weapons
  1201 | D:2      | Reached XP level 4. HP: 36/36 MP: 6/6
  2119 | D:3      | Reached XP level 5. HP: 31/41 MP: 7/7
  2279 | D:3      | Noticed a centaur
  2611 | D:5      | Entered Level 5 of the Dungeon
  2616 | D:5      | Slain by a sleepcap

Illustrated notes

Levels and vault maps discovered:
D:1:      heliophobic_arrival_henge, layout_basic, kennysheep_pointless_box
D:2:      layout_basic
D:3:      layout_rooms, nicolae_uskayaw_en_pointe,
          mainiacjoe_overflow_boulevard, evilmike_ruin_ashenzari,
          shapermc_ecumenical_altar_ellora, minmay_distorted
D:4:      layout_basic, nicolae_gozag_cash_rules_everything_around_me,
          minmay_temple_entry_waves
D:5:      layout_loops_ring, serial_shops, nicolae_inconvenience_store,
          portal_sewer_entry_f, columned_hall_lemuel

Skill      XL: |  1  2  3 |
---------------+----------+-----
Stealth        | 1 2 |  2.0
Ranged Weapons | 4 5 |  5.8
Fighting       | |  1.7
Dodging        | |  1.7

Action                     |  1- 3 |  4- 6 || total
---------------------------+-------+-------++-------
   Fire: Shortbow          |    68 |   114 ||   182
 Armour: Leather armour    |     2 |    15 ||    17
  Dodge: Dodged            |    13 |    45 ||    58

Table legend: (Time is in decaauts)
 A = Elapsed time spent in this place.
 B = Non-inter-level travel time spent in this place.
 C = Inter-level travel time spent in this place.
 D = Time resting spent in this place.
 E = Time spent auto-exploring this place.
 F = Levels seen in this place.
 G = Mean time per level.
                   A        B        C        D        E       F      G
               +--------+--------+--------+--------+--------+-----+--------+
         Total |   2665 |   2616 |     49 |    360 |   1847 |   5 |  533.0 |
       Dungeon |   2665 |   2616 |     49 |    360 |   1847 |   5 |  533.0 |
               +--------+--------+--------+--------+--------+-----+--------+

Top non-repeatable levels by time:
     D:2: 1094 daAuts
     D:1: 953 daAuts
     D:4: 319 daAuts
     D:3: 292 daAuts
     D:5: 5 daAuts
